AoeStats
← kOtH

Lombardia

507651842Analyzed
4v4 RM · 12d ago on Sep 19, 2026· 31m 29s· 8 players
Game mode
Random Map
Map size
Large (8 player)
Population
200
Speed
Normal
Resources
Standard
Victory
Conquest
Starting age
Dark Age
Ending age
Imperial Age
RankedLock teamsTeams togetherTeam positionsShared explorationLock speedFull tech treeHidden civsTurbo modeCheats
Victory
Defeat
🇨🇴 Tupi · Colombia
1375
+14
🇨🇴 Poles · Colombia
1319
+16
1231
+20
🇨🇴 Persians · Colombia
1187
+23
🇲🇽 Poles · Mexico
1340
-19
🇦🇷 Inca · Argentina
1334
-19
🇨🇱 Berbers · Chile
1314
-18
🇲🇽 Britons · Mexico
1305
-17
MaximoMGM
9:43 Feudal Age
14:19 Castle Age
12:15 Double-Bit Axe
13:35 Fletching
14:06 Loom
20:16 Bodkin Arrow
21:29 Horse Collar
28:55 Bow Saw
29:34 Padded Archer Armor
31:32 Ballistics
NT | MCLovin1986
12:16 Feudal Age
13:35 Champi Runner
15:08 Scale Mail Armor
15:54 Forging
17:49 Loom
20:25 Castle Age
19:30 Double-Bit Axe
19:31 Horse Collar
20:09 Gold Mining
20:32 Champi Warrior
21:35 Chain Mail Armor
25:29 Squires
26:35 Arson
28:07 Pikeman
kOtH
5:08 Loom
9:44 Feudal Age
14:22 Fletching
15:32 Padded Archer Armor
29:25 Castle Age
28:41 Wheelbarrow
29:27 Crossbowman
31:08 Leather Archer Armor
Rosse SinClan
3:21 Loom
9:02 Feudal Age
10:27 Double-Bit Axe
22:18 Castle Age
20:28 Scale Barding Armor
21:23 Bloodlines
22:28 Light Cavalry
23:33 Chain Barding Armor
25:32 Bow Saw
25:42 Husbandry
27:33 Forging
28:22 Szlachta Privileges
FC_YeyeAge10
7:49 Loom
12:04 Feudal Age
15:57 Castle Age
13:47 Double-Bit Axe
15:07 Fletching
17:30 Bodkin Arrow
18:09 Ballistics
27:31 Padded Archer Armor
FC_CamShaca
6:20 Loom
8:39 Feudal Age
9:01 Town Watch
9:14 Double-Bit Axe
12:45 Horse Collar
18:15 Gold Mining
19:15 Bloodlines
20:15 Wheelbarrow
20:22 Scale Barding Armor
21:01 Forging
23:58 Castle Age
24:40 Husbandry
25:58 Chain Barding Armor
28:40 Gold Shaft Mining
28:07 Heavy Plow
29:52 Iron Casting
29:42 Town Patrol
31:49 Bow Saw
FC_M@sTer
4:58 Loom
9:47 Feudal Age
10:16 Double-Bit Axe
20:01 Fletching
28:09 Castle Age
26:53 Padded Archer Armor
27:19 Gold Mining
28:48 Bodkin Arrow
28:16 Crossbowman
30:25 Leather Archer Armor
FC_Proyecto_El_Conquistador_X
6:24 Loom
9:29 Feudal Age
11:57 Double-Bit Axe
14:24 Forging
22:12 Castle Age
21:38 Gold Mining
23:18 Wheelbarrow
22:26 Domestication
24:16 Bow Saw
27:21 Iron Casting
27:58 Scale Barding Armor
31:59 Chain Barding Armor
32:00 Husbandry
Connection lost

Rejoining the realm…

Still unreachable

The connection could not be restored.

Session expired

The server has moved on; the page needs a fresh start.